Map: [ESL] Tropical Sacrifice

Players

DPGDark (Dark) - Winner!

  • Race: Zerg Zerg
  • League: Master
  • Spawn Location: 1:00

Bunny

  • Race: Terran Terran
  • League: Silver
  • Spawn Location: 7:00

VOD

Have the link to the VOD?

Description

Time

  • Played on: Nov. 5, 2022, 10:20 a.m.
  • Length: 13:57
Show
View Real Time Build Order
Export as new Build Order

DPGDark Zerg - Winner!

Build Orders: Hatch First 

Get SALT Encoding   

  12  0:00  Drone  
  13  0:13  Overlord  
  13  0:17  Drone  
  14  0:31  Drone  
  14  0:32  Drone  
  16  0:50  Hatchery  
  16  0:53  Drone  
  16  0:57  Drone  
  16  1:02  Drone  
  18  1:11  Extractor  
  18  1:17  Spawning Pool  
  16  1:21  Drone  
  17  1:26  Drone  
  17  1:31  Drone  
  19  1:40  Drone  
  20  1:51  Drone  
  21  2:04  Queen x2  
  21  2:05  Zergling x4  
  27  2:13  Zergling x2  
  28  2:17  Overlord  
  28  2:30  Extractor  
  28  2:33  Hatchery  
  28  2:34  Drone  
  28  2:36  Drone  
  29  2:38  Drone  
  30  2:51  Queen  
  30  2:57  Drone x2, Overlord  
  34  3:01  Drone  
  34  3:03  Drone  
  36  3:06  Metabolic Boost  
  36  3:15  Queen  
  36  3:17  Drone  
  36  3:18  Drone  
  40  3:23  Drone x2  
  40  3:25  Overlord  
  42  3:32  Queen  
  44  3:43  Overlord  
  44  3:44  Drone  
  44  3:45  Drone x4  
  49  3:50  Queen  
  49  3:55  Queen  
  53  3:58  Drone x2  
  53  4:02  Drone x2  
  57  4:04  Drone  
  57  4:06  Drone  
  59  4:11  Queen  
  59  4:13  Zergling x4  
  59  4:15  Drone  
  64  4:19  Drone x2  
  64  4:25  Drone  
  65  4:31  Overlord  
  65  4:34  Zergling x2, Overlord  
  66  4:40  Queen  
  66  4:41  Spore Crawler x3  
  66  4:43  Zergling x2  
  66  4:46  Overlord  
  66  4:50  Zergling x2  
  66  4:51  Zergling x8  
  66  4:52  Drone x2  
  73  4:54  Drone  
  73  4:57  Queen  
  76  5:06  Drone x3  
  76  5:07  Drone x2  
  81  5:08  Drone x2  
  81  5:10  Drone x2  
  81  5:12  Drone  
  86  5:16  Lair  
  84  5:23  Drone x4  
  84  5:25  Spore Crawler, Zergling x4  
  84  5:28  Extractor  
  88  5:30  Extractor  
  88  5:31  Baneling Nest, Drone  
  88  5:32  Extractor  
  88  5:33  Queen  
  88  5:36  Zergling x2  
  88  5:38  Drone  
  88  5:40  Overlord  
  90  5:45  Extractor, Overlord  
  90  5:46  Drone  
  90  5:47  Overlord  
  90  5:49  Overlord  
  90  5:56  Overlord x2  
  90  5:57  Overlord  
  90  5:59  Drone x4  
  90  6:02  Drone  
  93  6:04  Extractor  
  93  6:05  Drone  
  93  6:06  Evolution Chamber  
  93  6:09  Drone  
  93  6:10  Evolution Chamber  
  91  6:13  Drone  
  91  6:16  Drone x4  
  95  6:19  Hatchery  
  95  6:20  Drone x3  
  95  6:24  Drone x2  
  97  6:35  Drone x2  
  97  6:39  Drone  
  99  6:43  Drone x2  
  99  6:46  Drone x3  
  104  6:47  Drone x4  
  104  6:50  Hatchery  
  104  6:53  Hatchery  
  103  6:59  Zerg Ground Armor Level 1, Zerg Melee Weapons Level 1  
  102  7:03  Drone  
  102  7:04  Drone x3  
  102  7:05  Infestation Pit  
  105  7:09  Zergling x8  
  109  7:18  Drone  
  109  7:19  Centrifugal Hooks  
  109  7:20  Zergling x4  
  112  7:23  Burrow  
  112  7:24  Zergling x2  
  113  7:32  Zergling x18  
  113  7:33  Overseer  
  113  7:36  Baneling x5  
  122  7:39  Overlord x2  
  122  7:40  Overlord  
  122  7:41  Spore Crawler, Zergling x4  
  122  7:42  Spore Crawler  
  122  7:44  Pneumatized Carapace  
  122  7:48  Zergling x4  
  122  7:50  Baneling  
  122  7:51  Baneling x4  
  124  7:52  Baneling  
  124  7:56  Zergling x8  
  128  8:00  Baneling x2  
  128  8:10  Zergling x24  
  140  8:18  Overlord  
  137  8:21  Zergling x18  
  137  8:24  Baneling x5  
  137  8:25  Baneling x2  
  137  8:27  Spore Crawler  
  145  8:28  Spore Crawler  
  145  8:29  Zergling x14  
  145  8:30  Baneling x3  
  145  8:31  Baneling x2  
  150  8:34  Drone x2  
  150  8:35  Zergling x12  
  150  8:41  Zergling x8  
  161  8:45  Zergling x6  
  164  8:51  Zergling x6  
  164  8:54  Zerg Melee Weapons Level 2, Zerg Ground Armor Level 2  
  167  8:58  Hive  
  167  9:03  Drone  
  167  9:04  Drone  
  167  9:06  Baneling  
  167  9:07  Baneling x3  
  169  9:11  Zergling x4, Hatchery  
  169  9:12  Zergling x4  
  171  9:30  Zergling x4  
  171  9:31  Overlord  
  171  9:32  Overlord  
  171  9:34  Overlord  
  170  9:39  Zergling x4  
  170  9:42  Overlord x3  
  172  9:47  Baneling x3  
  172  9:48  Baneling x3  
  172  9:50  Zergling x24  
  182  9:54  Zergling x14  
  185  10:01  Zergling x26  
  185  10:07  Zergling x2  
  197  10:21  Adrenal Glands  
  197  10:22  Overlord  
  197  10:24  Ultralisk Cavern  
  197  10:26  Baneling x3  
  196  10:35  Zergling x20  
  199  10:37  Baneling x5  
  199  10:38  Baneling x2  
  199  10:41  Baneling x6  
  157  10:50  Zergling x26  
  157  10:53  Zergling x22  
  157  10:54  Baneling  
  157  10:55  Baneling x9  
  164  10:57  Zergling x12  
  164  10:58  Zergling x2  
  147  11:05  Zergling x12  
  147  11:06  Zergling x2  
  147  11:10  Overseer  
  134  11:14  Zergling x16  
  134  11:18  Anabolic Synthesis  
  140  11:21  Viper x2  
  145  11:28  Drone x4  
  145  11:31  Ultralisk  
  155  11:39  Ultralisk  
  167  11:47  Ultralisk  
  167  11:48  Zergling x8  
  171  12:00  Baneling x5  
  177  12:08  Ultralisk x2  
  177  12:09  Zergling x8  
  181  12:16  Spore Crawler  
  181  12:18  Ultralisk  
  181  12:21  Drone x3  
  186  12:23  Drone  
  186  12:29  Zergling x16  
  193  12:31  Chitinous Plating  
  193  12:41  Zergling x2  
  193  12:42  Zergling x12  
  199  12:46  Baneling  
  199  12:47  Baneling x2  
  199  12:59  Hatchery  
  193  13:09  Zergling x14  
  197  13:15  Zergling x16  
  190  13:22  Zergling x14  
  190  13:23  Zergling x6  
  190  13:25  Zergling x2  
  186  13:30  Zergling x20  
  176  13:35  Zergling x8  
  176  13:37  Zergling x2  
Show
View Real Time Build Order
Export as new Build Order

Bunny Terran 

Build Orders: Reaper Expand, Hellion Banshee 

Get SALT Encoding   

  12  0:00  SCV  
  13  0:12  SCV  
  14  0:17  Supply Depot  
  14  0:24  SCV  
  15  0:39  SCV  
  15  0:40  Barracks  
  16  0:44  Refinery  
  16  0:51  SCV  
  17  1:03  SCV  
  18  1:15  SCV  
  19  1:27  Reaper  
  19  1:28  Orbital Command  
  20  1:40  Command Center  
  20  1:48  Refinery  
  20  1:53  SCV  
  21  1:59  Reaper  
  21  2:00  Supply Depot  
  22  2:05  SCV  
  23  2:22  SCV  
  24  2:24  Factory  
  24  2:33  Barracks Reactor  
  24  2:34  SCV  
  25  2:46  SCV  
  26  2:52  Orbital Command  
  26  2:58  SCV  
  27  3:10  Starport  
  27  3:12  SCV  
  28  3:15  Hellion, Barracks Tech Lab  
  28  3:16  Hellion  
  28  3:19  Supply Depot, SCV  
  33  3:24  SCV  
  34  3:31  SCV  
  35  3:36  SCV  
  35  3:37  Hellion x2  
  40  3:43  SCV  
  40  3:45  Supply Depot  
  40  3:48  SCV, Marine  
  42  3:53  Banshee, Cloaking Field  
  42  3:55  SCV  
  47  3:59  Hellion  
  47  4:00  SCV  
  50  4:03  Hellion  
  50  4:07  Barracks Tech Lab  
  52  4:10  SCV  
  52  4:12  SCV  
  52  4:13  Supply Depot  
  54  4:23  Hellion  
  56  4:24  Hellion  
  56  4:25  SCV  
  56  4:26  SCV  
  56  4:30  Command Center  
  59  4:36  Banshee  
  59  4:37  Stimpack  
  62  4:40  SCV x2  
  64  4:52  Supply Depot  
  64  4:54  SCV, Barracks  
  64  4:56  Marine  
  64  4:57  Barracks, Factory Reactor  
  64  4:59  SCV  
  66  5:10  SCV  
  66  5:11  SCV  
  66  5:21  Supply Depot  
  66  5:22  SCV  
  66  5:23  SCV  
  66  5:25  Engineering Bay  
  66  5:27  Engineering Bay, Marine  
  69  5:34  SCV  
  69  5:35  SCV  
  71  5:37  Refinery x2  
  71  5:40  Starport Reactor  
  71  5:45  Barracks  
  71  5:46  Barracks, SCV  
  71  5:47  SCV  
  73  5:50  Siege Tank  
  76  5:59  Terran Infantry Armor Level 1, Terran Infantry Weapons Level 1  
  76  6:07  Marine x2  
  76  6:08  Marine x3  
  76  6:10  SCV x2  
  83  6:17  Combat Shield  
  83  6:21  Orbital Command  
  83  6:22  Supply Depot, Medivac, Siege Tank  
  88  6:26  Medivac  
  88  6:29  Marine x5  
  95  6:37  Barracks Reactor x2  
  93  6:45  SCV x2  
  93  6:46  Marine  
  93  6:47  SCV, Marine x4  
  93  6:50  Supply Depot  
  95  7:00  Medivac  
  95  7:02  Medivac  
  95  7:04  Marine  
  95  7:05  Siege Tank, Marine x3  
  95  7:06  Marine  
  106  7:08  SCV x3  
  108  7:17  Marine x4  
  108  7:22  Marine x4  
  113  7:24  Marine  
  113  7:27  Armory  
  117  7:33  SCV x3  
  117  7:34  Marine  
  121  7:40  Supply Depot  
  121  7:43  Supply Depot  
  121  7:46  Siege Tank, Marine  
  121  7:49  Concussive Shells  
  125  8:02  Medivac, Marine x6  
  125  8:04  Marine x2  
  125  8:05  Medivac  
  137  8:16  Marine  
  137  8:18  SCV x3  
  137  8:19  Marine  
  140  8:20  Supply Depot x2  
  140  8:21  Terran Infantry Weapons Level 2  
  140  8:23  Barracks  
  140  8:24  Barracks  
  140  8:26  Barracks  
  141  8:27  Supply Depot  
  141  8:28  Supply Depot  
  141  8:41  Marine x9  
  141  8:42  Siege Tank  
  153  8:48  Medivac x2  
  153  8:54  Terran Infantry Armor Level 2  
  157  8:58  Supply Depot  
  157  8:59  Marine  
  157  9:00  Supply Depot  
  158  9:07  Marine x8  
  166  9:14  Siege Tank  
  171  9:24  Marine  
  171  9:25  Marine x2  
  171  9:27  Marine x9  
  182  9:42  Marine x2  
  182  9:43  Marine  
  182  9:45  Marine x6  
  187  9:47  Command Center  
  187  9:51  Supply Depot  
  189  9:53  Supply Depot  
  189  9:54  Terran Vehicle Weapons Level 1, Marine  
  189  9:56  Marine  
  189  10:04  Refinery x2  
  189  10:13  Barracks Tech Lab, Marine x8  
  197  10:14  Barracks Tech Lab x2  
  197  10:15  Siege Tank  
  200  10:34  Sensor Tower  
  200  10:46  Marine  
  192  10:51  Siege Tank  
  192  10:52  Marauder x4, Marine x7  
  189  10:59  Medivac x2  
  189  11:04  Marine  
  145  11:10  Marine x5  
  145  11:11  Marine  
  125  11:13  Marauder x3  
  131  11:23  Siege Tank  
  131  11:24  Marauder  
  134  11:28  Planetary Fortress  
  133  11:34  Marauder  
  133  11:35  Marauder  
  133  11:39  Factory  
  137  11:42  SCV x3  
  137  11:45  Marauder  
  142  11:47  Marine x3  
  142  11:51  Marine x2  
  146  12:06  Marauder  
  149  12:12  Marauder  
  149  12:13  Marauder  
  149  12:14  Marine x6  
  149  12:15  Marine  
  155  12:21  Siege Tank  
  158  12:27  Marauder x2, Marine  
  155  12:32  Marine  
  155  12:33  Factory Tech Lab  
  155  12:34  Marauder  
  158  12:39  Marauder  
  158  12:40  Marine  
  161  12:48  Marauder  
  161  12:49  Marauder  
  165  12:51  Marine  
  165  12:52  Marine x3  
  165  12:53  Marine x3  
  165  12:55  SCV, Marauder  
  178  12:58  Siege Tank  
  175  13:06  Siege Tank  
  177  13:14  Marauder  
  177  13:15  Marauder x2  
  177  13:16  Marine x3  
  177  13:17  Marauder  
  116  13:36  Marauder x2  
  116  13:37  Marine  
  116  13:38  Marine x2  
Tags
 
Add a new tag
Caveats
  • Supply blocks, unpowered buildings, or Contaminate may cause inaccurate times.
  • Supply counts are checked every 10 seconds.